 Dungeon Crawl Stone Soup version 0.24.0-123-gd5b16e6ec5 (webtiles) character file.

Game seed: 17281573279532597424, levelgen mode: deterministic

365830 Bluestream the Slayer (level 21, -19/216 HPs)
             Began as a Minotaur Berserker on Feb 1, 2020.
             Was the Champion of Trog.
             Killed from afar by an ancient lich (36 damage)
             ... with a lance of force
             ... on level 5 of the Vaults.
             The game lasted 03:48:20 (51736 turns).

Bluestream the Slayer (Minotaur Berserker)         Turns: 51736, Time: 03:48:21

Health: -19/216    AC: 40    Str: 26    XL:     21   Next: 59%
Magic:  6/6        EV: 20    Int:  4    God:    Trog [******]
Gold:   3410       SH: 21    Dex: 19    Spells: 20/20 levels left

rFire    + . .     SeeInvis .   y - +9 demon whip (antimagic)
rCold    + + .     Gourm    .   H - +2 shield
rNeg     . . .     Faith    .   d - +7 plate armour
rPois    .         Spirit   .   (helmet restricted)
rElec    .         Reflect  +   a - scarf {rC+ rF+}
rCorr    .         Harm     .   K - +2 pair of gloves
MR       +++..     Rnd*Rage +   N - +0 pair of boots
Stlth    ..........             v - +4 amulet of reflection
HPRegen  1.46/turn              f - ring "Kure Asu" {+Blink rC+ AC+3 Str+3}
MPRegen  0.10/turn              b - +6 ring of protection

@: about to teleport, berserk cooldown, regenerating, slowed, very slow
A: retaliatory headbutt, horns 2, berserk 1, subdued magic 1
}: 2/15 runes: barnacled, gossamer
a: Berserk, Trog's Hand, Brothers in Arms, Renounce Religion, Evoke Blink


You were on level 5 of the Vaults.
You worshipped Trog.
Trog was exalted by your worship.
You were very hungry.

You visited 6 branches of the dungeon, and saw 36 of its levels.
You visited the Abyss 1 time.
You also visited: Ossuary and Ice Cave.

You collected 3826 gold pieces.
You spent 416 gold pieces at shops.

Inventory:

Hand Weapons
 q - a +4 antimagic eveningstar
 y - a +9 antimagic demon whip (weapon)
Armour
 a - a scarf of resistance (worn)
 d - a +7 plate armour (worn)
 e - a +1 plate armour of fire resistance
 j - a +0 ring mail
 H - a +2 shield (worn)
 K - a +2 pair of gloves (worn)
 N - a +0 pair of boots (worn)
 Q - a +2 cloak of cold resistance
Jewellery
 b - a +6 ring of protection (right hand)
 f - the ring "Kure Asu" (left hand) {+Blink rC+ AC+3 Str+3}
   (You found it on level 4 of the Dungeon)

   [ring of protection]

   It affects your AC (+3).
   It affects your strength (+3).
   It protects you from cold.
   It lets you blink.
 h - a cursed -2 ring of evasion {unknown}
 i - the amulet "Kuidixza" {RegenMP -Tele rN++ Str+2 Stlth+}
   (You took it off a tengu reaver on level 5 of the Vaults)

   [amulet of magic regeneration]

   It increases your magic regeneration.
   It affects your strength (+2).
   It greatly protects you from negative energy.
   It prevents most forms of teleportation.
   It makes you more stealthy.
 r - the ring of the Failed Coup {Fire Str+3}
   (You took it off an ironbrand convoker on level 5 of the Vaults)

   [ring of fire]

   It enhances your fire magic.
   It affects your strength (+3).
   It protects you from fire.
   It makes you vulnerable to cold.
 t - an uncursed ring of ice
 v - a +4 amulet of reflection (around neck)
 C - a +6 ring of strength
 G - an uncursed ring of protection from cold
 R - an uncursed amulet of the gourmand
 T - an uncursed ring of resist corrosion
 W - an uncursed ring of poison resistance
 X - a +5 ring of intelligence
Wands
 w - a wand of acid (12)
 A - a wand of flame (97)
 B - a wand of paralysis (22)
 E - a wand of clouds (15)
 F - a wand of disintegration (39)
 J - a wand of random effects (37)
 P - a wand of polymorph (29)
 S - a wand of enslavement (21)
 Y - a wand of digging (25)
Scrolls
 g - 17 scrolls of remove curse
 o - 7 scrolls of magic mapping
 p - 16 scrolls of teleportation
 s - 2 scrolls of brand weapon
 u - 6 scrolls of enchant weapon
 L - 4 scrolls of identify
 O - a scroll of summoning
 U - 5 scrolls of fear
 V - 3 scrolls of fog
Potions
 k - 3 potions of curing
 l - a potion of magic
 m - 6 potions of ambrosia
 n - 3 potions of flight
 x - 10 potions of berserk rage
 z - 3 potions of might
 D - 2 potions of invisibility
 I - 4 potions of agility
 M - a potion of heal wounds
 Z - a potion of resistance
Comestibles
 c - 31 rations


   Skills:
 * Level 24.9 Fighting
 + Level 20.9 Maces & Flails
 + Level 18.7 Armour
 + Level 17.3 Dodging
 + Level 16.3 Shields


You had 20 spell levels left.
You didn't know any spells.
Your spell library was empty.

Dungeon Overview and Level Annotations

Branches:
Dungeon (15/15)            Temple (0/1) D:6            Lair (6/6) D:8
 Shoals (4/4) Lair:4       Spider (4/4) Lair:4        Slime (0/5) Lair:5
    Orc (2/2) D:12            Elf (0/3) Orc:2        Vaults (5/5) D:14
  Crypt (0/3) Vaults:2     Depths (0/5) D:15        Ossuary (visited)
  IceCv (visited)

Altars:
Cheibriados
Dithmenos
Fedhas
Kikubaaqudgha
Makhleb
Nemelex Xobeh
Okawaru
Trog
Uskayaw
Wu Jian
Xom
Yredelemnul
Zin
Beogh

Shops:
D:9 *   D:13 %*:   Orc:1 :   Orc:2 (([*(   Shoals:1 *   Shoals:3 %   Vaults:1 [
Vaults:4 *

Portals:
Bazaar: Vaults:1

Annotations:
D:10 exclusion: ice statue
Lair:4 exclusion: oklob plant
Shoals:3 Roxanne
Vaults:3 exclusion: orange crystal statue


Innate Abilities, Weirdness & Mutations

You reflexively headbutt those who attack you in melee.
You have a pair of horns on your head.
You tend to lose your temper in combat.
Your spells are a little easier to cast, but a little less powerful.


Message History

The neqoxec gestures.
The reaper misses you. You block something's attack.
Your deep troll goes berserk!
You are feeling very hungry.
The Executioner gestures at you. You resist with almost no effort.
You block the Executioner's attack. x2
The Executioner hits you but does no damage.
The Executioner hits you!
* * * LOW HITPOINT WARNING * * *
You block the Executioner's attack.
The Executioner hits you but does no damage.
The Executioner completely misses you. You block the Executioner's attack.
The Executioner hits you.
* * * LOW HITPOINT WARNING * * *
The neqoxec gestures at you.
Something tries to feed on your intellect!
You hear some strange, mumbled words.
A lance of force appears from out of thin air!
The lance of force hits you!!!
You die...

##}........# #..........
#}........)#....#..........
###).......รท#....#..########
((##........#....#..#
)))##.......#....#..#
....##......#....#..#############
.(...##...))#(...#...............
)..(..##....#.T..#...............
....(.(##...#.(.@#..#############
......).##))#.11(#)..............
.(.....))##)#).(24)..............
..(..(((([[)))...1e..............
###########[))((.4.##############
................(......2.4.......
..................5.3....43......
#################################


You could see a Brimstone Fiend, an Ice Fiend, a reaper, an Executioner, a deep
elf demonologist, 2 orange demons, a neqoxec, an iron imp and a friendly deep
troll (berserk).

Vanquished Creatures
  Jory (Vaults:2)
  4 tentacled monstrosities (Vaults:5)
  Asterion (Spider:1)
  A quicksilver dragon (Vaults:5)
  A lich (Vaults:5)
  3 titans (Vaults:5)
  Polyphemus (Shoals:3)
  3 sphinxes (Vaults:5)
  A tentacled starspawn (Abyss:2)
  3 tengu reavers (Vaults:5)
  5 shadow dragons (Vaults:5)
  A storm dragon (Vaults:5)
  3 fire giants
  A daeva (Abyss:2)
  A deep elf sorcerer (Vaults:4)
  An iron dragon (Vaults:5)
  3 frost giants
  12 vault wardens
  An orc warlord (Orc:2)
  8 emperor scorpions
  4 ghost moths
  A deep elf elementalist (Vaults:5)
  3 war gargoyles
  3 stone giants
  2 very ugly things (Vaults:5)
  10 ironheart preservers
  5 entropy weavers
  A vampire knight (Vaults:2)
  A deep elf demonologist (Vaults:5)
  A spark wasp (Spider:2)
  A deep elf death mage (Vaults:5)
  11 ettins
  Snorg (Lair:5)
  A red draconian (Abyss:2)
  7 merfolk javelineers
  6 merfolk impalers
  2 deep elf high priests (Vaults:5)
  4 fire dragons
  10 yaktaur captains
  Josephine (D:11)
  6 ice dragons
  11 ogre magi
  Harold (D:11)
  2 catoblepae
  28 vault guards
  7 hydras
  3 rakshasas
  Erica (D:8)
  5 centaur warriors
  5 merfolk aquamancers
  A merfolk avatar (Shoals:4)
  An alligator snapping turtle (Shoals:3)
  A satyr (shapeshifter) (Vaults:5)
  A catoblepas (shapeshifter) (Vaults:5)
  34 two-headed ogres
  A tengu warrior (D:14)
  3 death knights
  4 death yaks
  A death yak (shapeshifter) (Vaults:5)
  3 deep troll shamans
  A deep troll earth mage (Vaults:1)
  An orc high priest (Orc:2)
  A vampire mage (Vaults:2)
  Sonja (D:11)
  2 deep elf knights (Vaults:4)
  Nergalle (D:10)
  Urug (D:11)
  3 shadow wraiths
  2 skeletal warriors
  A sixfirhy (Abyss:2)
  A glowing orange brain (Vaults:3)
  7 sea snakes
  20 deep trolls
  Pikel (D:7)
  5 unseen horrors
  2 flayed ghosts
  5 wizards
  20 ironbrand convokers
  2 deep elf archers
  2 necromancers
  10 orb spiders
  22 ugly things
  A shadow dragon skeleton (Abyss:2)
  26 wolf spiders
  17 harpies
  A phantasmal warrior (Vaults:5)
  A harpy (shapeshifter) (D:15)
  15 orc knights
  15 deep elf magi
  3 orc sorcerers
  6 fauns
  11 cyclopes
  11 manticores
  2 centaur zombies
  A frost giant skeleton (Vaults:3)
  2 moths of wrath (Spider:4)
  An apocalypse crab (Abyss:2)
  10 vault sentinels
  7 black mambas
  9 merfolk sirens
  Maurice (D:8)
  2 ice statues (IceCv)
  3 elephants (Lair:6)
  A black mamba (shapeshifter) (D:15)
  7 water nymphs
  A gargoyle (D:10)
  5 torpor snails
  25 spiny frogs
  2 rime drakes
  27 yaktaurs
  2 rime drakes (shapeshifter)
  6 komodo dragons
  The ghost of Xerdoz the Insei, a novice OpTm (D:4)
  8 freezing wraiths
  10 ice devils (IceCv)
  19 demonic crawlers
  A harpy zombie (D:15)
  23 merfolk
  9 trolls
  3 meliai (D:14)
  25 jumping spiders
  3 polar bears
  2 wind drakes
  4 tyrant leeches (Lair:6)
  5 hornets
  5 large abominations
  17 blink frogs (Lair:6)
  11 dream sheep
  A slime creature (shapeshifter) (Vaults:5)
  A dream sheep (shapeshifter) (Vaults:5)
  A hornet (shapeshifter) (Vaults:5)
  28 slime creatures
  16 hippogriffs
  A harpy skeleton (D:15)
  7 snapping turtles
  A centaur simulacrum (D:15)
  74 redbacks
  A shadow (D:14)
  34 tarantellas
  7 wraiths
  60 yaks
  A vampire (D:14)
  A ynoxinul (Abyss:2)
  8 water elementals
  2 wyverns
  A human (D:13)
  A hog (shapeshifter) (Vaults:3)
  Grum (D:8)
  10 vampire mosquitoes
  A basilisk (Lair:6)
  3 neqoxecs
  2 hungry ghosts
  A yaktaur simulacrum (Vaults:3)
  A chaos spawn (Abyss:2)
  An acid dragon (Vaults:2)
  8 wargs
  2 soldier ants
  A deep troll zombie (Vaults:3)
  11 water moccasins
  12 porcupines
  A sky beast (D:11)
  The ghost of Descartes the Magician, an amateur SpWz (D:4)
  46 orc warriors
  2 necrophages
  An ice beast (D:10)
  A slave (D:7)
  4 phantoms
  A black bear (Lair:2)
  36 ogres
  3 boggarts (Vaults:1)
  28 wolves
  11 centaurs
  16 crocodiles
  2 big kobolds
  A gnoll sergeant (Orc:1)
  29 bullfrogs
  An earth elemental (Abyss:2)
  2 elf skeletons (D:9)
  A wyvern skeleton (D:13)
  3 scorpions
  4 small abominations
  A troll zombie (D:9)
  14 killer bees
  4 electric eels
  4 howler monkeys
  11 wights
  2 vampire bats (D:4)
  6 jellies
  9 crimson imps
  4 quasits
  A bullfrog zombie (D:8)
  24 orc priests
  16 hounds
  3 bullfrog skeletons
  3 human skeletons
  3 human zombies
  3 iron imps (D:6)
  37 orc wizards
  4 centaur skeletons
  Jessica (D:2)
  Ijyb (D:3)
  An iguana (D:9)
  13 worker ants
  A big kobold zombie (Ossuary)
  A hound zombie (D:6)
  10 mummies
  A hound skeleton (D:8)
  8 gnolls
  A howler monkey skeleton (D:4)
  16 adders
  2 shadow imps
  21 white imps
  8 ufetubi
  An ooze (D:2)
  An adder skeleton (D:5)
  9 dart slugs
  3 leopard geckos
  127 orcs
  3 giant cockroaches
  6 goblins
  8 hobgoblins
  8 jackals
  7 quokkas
  3 ball pythons
  12 bats
  2 frilled lizards
  A gnoll zombie (Ossuary)
  3 hobgoblin zombies (Ossuary)
  A jackal zombie (D:7)
  15 kobolds
  A kobold zombie (Ossuary)
  2 leopard gecko skeletons
  2 orc zombies (Ossuary)
  A quokka skeleton (D:4)
  4 rats
  A fungus (Lair:5)
  A plant (Shoals:2)
1677 creatures vanquished.

Vanquished Creatures (collateral kills)
  A titan (Vaults:5)
  A shadow dragon (Vaults:5)
  An ettin (Vaults:5)
  A phantasmal warrior (Vaults:5)
  An ogre (Vaults:2)
5 creatures vanquished.

Vanquished Creatures (others)
  A reaper (IceCv)
  2 yaktaur captains
  2 centaur warriors
  A shadow wraith (Vaults:5)
  An unseen horror (D:12)
  An orc sorcerer (Vaults:5)
  3 fauns (Shoals:2)
  2 cyclopes
  13 yaktaurs
  An orc warrior (Vaults:5)
  A centaur (Shoals:1)
  A white imp (IceCv)
  3 ufetubi (IceCv)
  An orc (Vaults:3)
  15 fungi
  41 plants
  2 starspawn tentacles (Abyss:2)
91 creatures vanquished.

Grand Total: 1773 creatures vanquished

Notes
Turn   | Place    | Note
-------+----------+-------------------------------------------
     0 | D:1      | Bluestream the Minotaur Berserker began the quest for the
                  | Orb.
     0 | D:1      | Reached XP level 1. HP: 19/19 MP: 0/0
    23 | D:1      | You fall into a shaft and drop 1 floor!
    43 | D:2      | Found a shimmering altar of Xom.
    65 | D:2      | Reached XP level 2. HP: 14/27 MP: 1/1
    89 | D:2      | Reached skill level 4 in Fighting
   398 | D:2      | Reached XP level 3. HP: 33/33 MP: 2/2
   407 | D:2      | Noticed Jessica
   416 | D:2      | Killed Jessica
   474 | D:2      | Found a bloodstained altar of Trog.
   521 | D:2      | Reached XP level 4. HP: 33/41 MP: 3/3
   699 | D:2      | Reached ** piety under Trog
  1351 | D:3      | Noticed Ijyb
  1376 | D:3      | Killed Ijyb
  1376 | D:3      | Reached skill level 5 in Fighting
  1376 | D:3      | Reached skill level 5 in Maces & Flails
  1626 | D:3      | Reached XP level 5. HP: 31/48 MP: 4/4
  1965 | D:4      | Reached XP level 6. HP: 52/56 MP: 5/5
  2203 | D:4      | Reached skill level 6 in Fighting
  2446 | D:4      | Reached XP level 7. HP: 50/64 MP: 6/6
  2580 | D:4      | Found a runed translucent gate.
  2581 | D:4      | Found a runed translucent gate.
  2581 | D:4      | Found a runed translucent gate.
  2581 | D:4      | Noticed Descartes's ghost (amateur SpWz)
  2581 | D:4      | Noticed Xerdoz's ghost (novice OpTm)
  2621 | D:4      | Killed Xerdoz's ghost
  2621 | D:4      | Reached skill level 7 in Fighting
  2627 | D:4      | Killed Descartes's ghost
  2826 | D:4      | Reached XP level 8. HP: 72/73 MP: 7/7
  2856 | D:4      | Reached skill level 5 in Armour
  2998 | D:4      | Reached *** piety under Trog
  3302 | D:4      | Got a scorched iron ring
  3439 | D:4      | Identified the ring "Kure Asu" {+Blink rC+ AC+3 Str+3} (You
                  | found it on level 4 of the Dungeon)
  3449 | D:5      | Entered Level 5 of the Dungeon
  3602 | D:5      | Reached skill level 8 in Fighting
  3628 | D:5      | Reached skill level 5 in Dodging
  3673 | D:5      | Found a sand-covered staircase.
  3679 | Ossuary  | Entered an ossuary
  4095 | D:5      | Found a snail-covered altar of Cheibriados.
  4095 | D:5      | Found an iron altar of Okawaru.
  4103 | D:5      | Found an ancient bone altar of Kikubaaqudgha.
  4105 | D:5      | Found a glowing silver altar of Zin.
  4107 | D:5      | Found a blossoming altar of Fedhas.
  4497 | D:6      | Found a staircase to the Ecumenical Temple.
  4643 | D:6      | Found a hide-covered altar of Uskayaw.
  4645 | D:6      | Noticed a +0 hand axe
  4645 | D:6      | Noticed a +0 hand axe
  4724 | D:6      | Found a sparkling altar of Nemelex Xobeh.
  4899 | D:6      | Reached skill level 9 in Fighting
  5058 | D:6      | Reached XP level 9. HP: 83/83 MP: 8/8
  5386 | D:6      | Found a burning altar of Makhleb.
  5595 | D:7      | Found an ornate altar of the Wu Jian Council.
  5744 | D:7      | Reached **** piety under Trog
  5801 | D:7      | Noticed Pikel
  5820 | D:7      | Killed Pikel
  5820 | D:7      | Reached skill level 10 in Fighting
  5912 | D:7      | Reached skill level 10 in Maces & Flails
  6172 | D:8      | Noticed Maurice
  6183 | D:8      | Killed Maurice
  6286 | D:8      | Reached XP level 10. HP: 93/94 MP: 9/9
  6287 | D:8      | Noticed Grum
  6309 | D:8      | Killed Grum
  6319 | D:8      | Reached skill level 11 in Fighting
  6599 | D:8      | Found a staircase to the Lair.
  7162 | D:8      | Noticed Erica
  7185 | D:8      | Killed Erica
  7270 | D:8      | Found a sparkling altar of Nemelex Xobeh.
  7330 | D:8      | You fall into a shaft and drop 3 floors!
  7344 | D:11     | Noticed Sonja
  7853 | D:11     | Reached ***** piety under Trog
  7902 | D:10     | Entered Level 10 of the Dungeon
  8039 | D:8      | Received a gift from Trog
  9235 | D:9      | Reached skill level 12 in Fighting
  9599 | D:9      | Reached XP level 11. HP: 104/104 MP: 10/10
  9608 | D:9      | Found a basalt altar of Yredelemnul.
  9623 | D:9      | Received a gift from Trog
  9840 | D:9      | Found Zuiserith's Assorted Antiques.
 10701 | D:11     | Noticed Harold
 10713 | D:11     | Killed Harold
 10718 | D:11     | Noticed Nergalle
 10744 | D:10     | Killed Nergalle
 10819 | D:11     | Killed Sonja
 10819 | D:11     | Received a gift from Trog
 10947 | D:11     | Noticed Josephine
 10962 | D:11     | Killed Josephine
 10962 | D:11     | Reached skill level 13 in Fighting
 11555 | D:11     | Noticed a seven-headed hydra
 11563 | D:11     | Killed a seven-headed hydra
 11579 | D:11     | Reached skill level 10 in Armour
 11579 | D:11     | Reached XP level 12. HP: 60/115 MP: 11/11
 11896 | D:11     | You fall into a shaft and drop 2 floors!
 11977 | D:12     | Found a staircase to the Orcish Mines.
 12587 | Lair:1   | Entered Level 1 of the Lair of Beasts
 12757 | Lair:1   | Found a frozen archway.
 12795 | Lair:1   | Reached skill level 14 in Fighting
 12956 | IceCv    | Entered an ice cave
 13112 | IceCv    | Killed a reaper
 13257 | IceCv    | Received a gift from Trog
 15264 | Lair:2   | Noticed a death yak
 15280 | Lair:2   | Killed a death yak
 15293 | Lair:2   | Reached skill level 10 in Dodging
 15419 | Lair:2   | Reached skill level 15 in Fighting
 15429 | Lair:2   | Reached skill level 15 in Maces & Flails
 15734 | Lair:2   | Reached XP level 13. HP: 123/126 MP: 12/12
 15751 | Lair:2   | Reached skill level 1 in Shields
 16162 | Lair:3   | You fall into a shaft and drop 2 floors!
 16173 | Lair:5   | Received a gift from Trog
 16665 | Lair:4   | Found a staircase to the Shoals.
 16831 | Lair:4   | Found a hole to the Spider Nest.
 18003 | Spider:1 | Entered Level 1 of the Spider Nest
 18064 | Lair:5   | Found a staircase to the Slime Pits.
 18335 | Lair:5   | Noticed Snorg
 18352 | Lair:5   | Killed Snorg
 18745 | Lair:5   | Reached skill level 16 in Fighting
 19029 | Lair:6   | Entered Level 6 of the Lair of Beasts
 19216 | Lair:6   | Reached skill level 5 in Shields
 19353 | Lair:6   | Received a gift from Trog
 19473 | Lair:6   | Reached XP level 14. HP: 131/138 MP: 4/13
 20568 | Lair:6   | Reached skill level 17 in Fighting
 21188 | D:12     | Noticed Urug
 21217 | D:11     | Killed Urug
 21324 | D:11     | Reached ****** piety under Trog
 21324 | D:11     | Received a gift from Trog
 21819 | Orc:1    | Entered Level 1 of the Orcish Mines
 22667 | Orc:1    | Found Tynig's Book Shoppe.
 22950 | Orc:2    | Entered Level 2 of the Orcish Mines
 22955 | Orc:2    | Received a gift from Trog
 23225 | Orc:2    | Found a roughly hewn altar of Beogh.
 23571 | Orc:2    | Found a roughly hewn altar of Beogh.
 23605 | Orc:2    | Found Loegathuec's Antique Weapon Boutique.
 23661 | Orc:2    | Noticed an orc warlord
 23681 | Orc:2    | Killed an orc warlord
 23773 | Orc:2    | Received a gift from Trog
 24125 | Orc:2    | Found a roughly hewn altar of Beogh.
 24204 | Orc:2    | Found a staircase to the Elven Halls.
 24215 | Orc:2    | Found Hiappefupp's Antique Weapon Shoppe.
 24221 | Orc:2    | Found a roughly hewn altar of Beogh.
 24537 | Orc:2    | Found a roughly hewn altar of Beogh.
 24538 | Orc:2    | Found Polejem's General Store.
 24772 | Orc:2    | Found Kiwet's Antique Armour Emporium.
 24773 | Orc:2    | Found a roughly hewn altar of Beogh.
 24783 | Orc:2    | Reached XP level 15. HP: 133/149 MP: 4/14
 24785 | Orc:2    | Found Huciyn's Antique Weapon Shoppe.
 24818 | Orc:2    | Bought a pair of runed gloves for 180 gold pieces
 24823 | Orc:2    | Bought a pair of boots for 108 gold pieces
 24858 | Orc:2    | Found a roughly hewn altar of Beogh.
 25076 | D:13     | Found Cuhilopn's Food Emporium.
 25337 | D:13     | Found Guol's General Store.
 25389 | D:13     | Found Muri's Book Shop.
 25544 | D:13     | Received a gift from Trog
 25904 | D:14     | Reached skill level 18 in Fighting
 25972 | D:14     | Found a gate to the Vaults.
 25975 | D:14     | Paralysed by a wizard for 2 turns
 27543 | D:15     | Entered Level 15 of the Dungeon
 27736 | D:15     | Found a shadowy altar of Dithmenos.
 27868 | D:15     | Found a staircase to the Depths.
 27972 | D:15     | Received a gift from Trog
 28799 | Spider:1 | Noticed Asterion
 28810 | Spider:1 | Killed Asterion
 29311 | Spider:1 | Reached skill level 19 in Fighting
 30181 | Spider:2 | Reached XP level 16. HP: 156/160 MP: 5/15
 30509 | Spider:2 | Reached skill level 10 in Shields
 31235 | Spider:3 | Received a gift from Trog
 32841 | Spider:4 | Entered Level 4 of the Spider Nest
 33288 | Spider:4 | Received a gift from Trog
 33443 | Spider:4 | Reached skill level 20 in Fighting
 34626 | Spider:4 | Received a gift from Trog
 34626 | Spider:4 | Reached XP level 17. HP: 101/170 MP: 5/16
 34923 | Spider:4 | Reached skill level 15 in Armour
 35839 | Spider:4 | Got a gossamer rune of Zot
 36252 | Shoals:1 | Entered Level 1 of the Shoals
 36279 | Shoals:1 | Found Haonoge's Island Escapes.
 37331 | Shoals:2 | Received a gift from Trog
 38102 | Shoals:3 | Noticed Roxanne
 38239 | Shoals:3 | Reached skill level 21 in Fighting
 38415 | Shoals:3 | Found Joiploij's Food Boutique.
 38489 | Shoals:3 | Received a gift from Trog
 39048 | Shoals:3 | Noticed Polyphemus
 39071 | Shoals:3 | Killed Polyphemus
 39583 | Shoals:4 | Entered Level 4 of the Shoals
 39634 | Shoals:4 | Reached XP level 18. HP: 182/182 MP: 5/17
 39717 | Shoals:4 | Got a barnacled rune of Zot
 40172 | Vaults:1 | Entered Level 1 of the Vaults
 40659 | Vaults:1 | Received a gift from Trog
 40964 | Vaults:1 | Found a flickering gateway to a bazaar.
 41261 | Vaults:1 | Reached skill level 15 in Dodging
 41503 | Vaults:1 | Found Josaon's Antique Armour Shoppe.
 41510 | Vaults:1 | Identified a scroll of acquirement
 41515 | Vaults:1 | Got a smoking morningstar
 41737 | Vaults:2 | Found a glowing silver altar of Zin.
 41850 | Vaults:2 | Reached skill level 22 in Fighting
 41986 | Vaults:2 | Found a staircase to the Crypt.
 42196 | Vaults:2 | Received a gift from Trog
 42451 | Vaults:2 | Noticed Jory
 42485 | Vaults:2 | Killed Jory
 43299 | Vaults:2 | Reached XP level 19. HP: 193/193 MP: 6/18
 44935 | Vaults:3 | Received a gift from Trog
 45195 | Vaults:3 | Reached skill level 23 in Fighting
 46601 | Vaults:4 | Received a gift from Trog
 46660 | Vaults:4 | Reached XP level 20. HP: 147/204 MP: 6/19
 46987 | Vaults:4 | Found Sous's Assorted Antiques.
 46990 | Vaults:4 | Bought a ring mail for 128 gold pieces
 47117 | Vaults:5 | Entered Level 5 of the Vaults
 47546 | Vaults:4 | Reached skill level 15 in Shields
 47844 | Vaults:5 | Received a gift from Trog
 47872 | Vaults:5 | Cast into level 2 of the Abyss (a deep elf demonologist)
 48194 | Abyss:2  | Gained mutation: You tend to lose your temper in combat. [a
                  | neqoxec]
 48224 | Abyss:2  | Gained mutation: Your spells are a little easier to cast,
                  | but a little less powerful. [a neqoxec]
 48269 | Vaults:5 | Escaped the Abyss
 48709 | Vaults:5 | Reached skill level 24 in Fighting
 48744 | Vaults:5 | Received a gift from Trog
 48918 | Vaults:5 | Identified the amulet "Kuidixza" {RegenMP -Tele rN++ Str+2
                  | Stlth+}
 49547 | Vaults:5 | Reached XP level 21. HP: 215/215 MP: 6/20
 49557 | Vaults:5 | Identified the ring of the Failed Coup {Fire Str+3}
 50063 | Vaults:5 | HP: 10/215 [shadow dragon/bolt of negative energy (39)]
 51194 | Vaults:5 | Paralysed by a sphinx for 7 turns
 51205 | Vaults:5 | Paralysed by a sphinx for 7 turns
 51388 | Vaults:5 | Got a crude plate armour
 51392 | Vaults:5 | Identified the +0 plate armour "Ydghy" {Str+5 Dex-2} (You
                  | found it on level 5 of the Vaults)
 51632 | Vaults:5 | Identified the +6 scale mail of Guru {Int+6}
 51676 | Vaults:5 | Noticed an ancient lich
 51736 | Vaults:5 | Killed from afar by an ancient lich

Levels and vault maps discovered:
D:1:      psy_arrival_dodecagon, layout_loops_ring, st_stairs_14
D:2:      minmay_alternating_diamond, layout_basic, marbit_many_paths,
          overflow_temple_1_default, uniq_jessica
D:3:      layout_basic, uniq_ijyb
D:4:      kennysheep_slugbush, layout_loops_corners, first_ration,
          gammafunk_ghost_cemetery, roderic_batcave, minmay_three_crescents
D:5:      layout_loops_cross, chequers_temple_overflow_minitemple,
          nicolae_ossuary_entry_plus
D:6:      layout_basic, dancing_weapons_uskayaw, demons_altar,
          minmay_temple_entry_junction, nemelex_altar_shiori
D:7:      layout_basic, lemuel_crystal_altar, uniq_pikel
D:8:      layout_basic, erik_lair_island, hex_large,
          nemelex_diamond_rough_becter, uniq_erica, uniq_grum, uniq_maurice
D:9:      layout_rooms, lemuel_mausoleum_altar_yredelemnul, serial_shops, shop
D:10:     minmay_statue_hallways, layout_rooms, minivault_5
D:11:     layout_loops_cross, uniq_josephine, uniq_harold, uniq_nergalle,
          uniq_sonja
D:12:     layout_cross, orc_0_dummy, uniq_urug
D:13:     layout_roguey, serial_curves, eino_curves_02, eino_curves_03,
          serial_shops, shop, shop, shop, grunt_livestock, st_stairs_1
D:14:     kennysheep_funnel, layout_irregular_city, david_vaults_1,
          minmay_tree_intersection, drop_trap
D:15:     hangedman_depths_entry_civil_slaughter, layout_long_grid,
          nicolae_dithmenos_shadow_blocks, minivault_14, minmay_lindwurm_lava
Lair:1:   layout_layer_cave, portal_ice_cave_entry_imps, minivault_25,
          grunt_megastairs_3
Lair:2:   layout_cave_pods, chequers_serial_rivers_micro_c,
          hangedman_lair_unloving_vines, st_stairs_3, beast_lair_carwin_7
Lair:3:   layout_loops_ring, grunt_megastairs_2
Lair:4:   layout_regular_city, minmay_shoals_entry_beasts, dummy_spider_entry,
          minmay_lair_oklob_bushes
Lair:5:   layout_regular_city, slime_dummy, beast_lair_carwin_1, uniq_snorg
Lair:6:   minmay_lair_end_frog_pond, layout_long_grid, st_stairs_4
Shoals:1: layout_shoals, nicolae_shoals_circle_sea_wall, nicolae_island_escapes
Shoals:2: layout_shoals
Shoals:3: layout_shoals, serial_shops, nicolae_shop_statue_plus,
          nicolae_shoals_mertower, uniq_polyphemus, uniq_roxanne
Shoals:4: shoals_end_simple, layout_shoals, shoal_ilsuiw, serial_shops,
          nicolae_shop_behind_doors, shop_statue, nicolae_shop_waterfront
Spider:1: layout_spider_delve, uniq_asterion
Spider:2: layout_spider_delve
Spider:3: layout_chambers, drop_trap, worms_lemuel
Spider:4: grunt_spider_rune_circles, nicolae_spider_shape,
          hangedman_spider_tarantella_strand
Orc:1:    layout_caves, serial_shops, shop
Orc:2:    grunt_orc_community_town_hall, layout_diamond_mine,
          grunt_orc_community_big_house_2, grunt_orc_community_big_house_1,
          grunt_orc_community_house_3, grunt_orc_community_house_2,
          grunt_orc_community_house_1, grunt_orc_community_house_2,
          grunt_orc_community_house_3, grunt_orc_community_house_2,
          serial_shops, shop, guppyfry_library_mini
Vaults:1: grunt_vaults_focal, v_misc_4, nicolae_vaults_ninety_degrees,
          ontoclasm_vaults_eye, hangedman_vaults_capsules, v_alt_pattern_1,
          hangedman_vaults_nails, v_misc_26, vaults_room_semicircle,
          vaults_dpeg_doors, layout_vaults_omnibox, serial_shops,
          bzr_entry_dummy, nicolae_shop_behind_doors
Vaults:2: minmay_crypt_entry_simple_sparse, v_misc_14, vaults_dpeg_diagonal,
          vaults_room_semicircle, v_pattern_2, vaults_room_corners,
          vaults_room_pools, st_hourglassy, hangedman_vaults_maws,
          nicolae_vaults_gold_heap, v_misc_22, layout_vaults_big_room,
          basic_altar, serial_shops, bzr_entry_lakeside, uniq_jory
Vaults:3: nicolae_vaults_statue_guard, v_rooms_3, ontoclasm_vaults_hangar,
          ontoclasm_vaults_ring_small, vaults_room_ringed_pool,
          hangedman_vaults_pinch, v_rooms_2, v_misc_30, v_alt_pattern_4,
          v_misc_1, dpeg_vaults_monster_box, layout_vaults_ring
Vaults:4: v_misc_9, hangedman_vaults_nodes, v_misc_30, nicolae_vaults_little_ls,
          grunt_vaults_funnel, v_misc_30, layout_vaults_omnigrid, serial_shops,
          nicolae_shop_window_shopping
Vaults:5: serial_shops

Skill      XL: |  1  2  3  4  5  6  7  8  9 10 11 12 13 14 15 16 17 18 19 20 21 |
---------------+----------------------------------------------------------------+-----
Fighting       | 4 5 6 7 9 10 12 13 15 16 17 19 20 21 22 23 24 | 24.9
Maces & Flails | 4 5 6 7 9 10 12 13 15 16 17 18 19 20 | 20.9
Armour         | 3 4 6 7 8 10 11 12 13 14 15 16 17 18 | 18.7
Dodging        | 3 4 5 6 7 9 10 11 12 13 14 15 16 17 | 17.3
Shields        | 5 7 9 11 12 13 14 15 16 | 16.3

Action                   |  1- 3 |  4- 6 |  7- 9 | 10-12 | 13-15 | 16-18 | 19-21 || total
-------------------------+-------+-------+-------+-------+-------+-------+-------++-------
Melee: Mace              |    51 |   120 |   239 |       |       |       |       ||   410
       Headbutt          |     6 |    18 |    68 |   245 |   425 |   616 |   581 ||  1959
       Unarmed           |       |    23 |       |       |       |       |       ||    23
       Flail             |       |       |    33 |       |       |       |       ||    33
       Whip              |       |       |    29 |  1019 |   397 |       |       ||  1445
       Demon whip        |       |       |       |       |  1151 |  2000 |  1608 ||  4759
Invok: Berserk           |       |     1 |     8 |    17 |    17 |    13 |     5 ||    61
       Trog's Hand       |       |       |       |       |     1 |     1 |     3 ||     5
       Brothers in Arms  |       |       |       |       |       |     1 |     6 ||     7
  Use: Scroll            |     3 |     1 |     1 |    11 |    18 |    15 |    10 ||    59
       Potion            |       |       |       |     3 |     1 |     4 |    15 ||    23
 Stab: Distracted        |       |       |       |       |       |       |     1 ||     1
  Eat: Chunk             |       |     5 |    14 |    27 |    37 |    27 |    15 ||   125
       Ration            |       |       |     2 |     7 |     8 |     8 |     6 ||    31
Armor: Animal skin       |    30 |       |       |       |       |       |       ||    30
       Chain mail        |       |    16 |       |       |       |       |       ||    16
       Plate armour      |       |    80 |   176 |   623 |   414 |   732 |   433 ||  2458
       Skin              |       |       |       |    54 |       |       |       ||    54
Dodge: Dodged            |    44 |    54 |   117 |   217 |   450 |   725 |   471 ||  2078
Block: Buckler           |     4 |    13 |    38 |     6 |       |       |       ||    61
       Shield            |       |       |       |   503 |   760 |  1481 |  1015 ||  3759
       Reflection        |       |       |       |       |    16 |    83 |    84 ||   183
